 Dungeon Crawl Stone Soup version 0.28-a0-589-g333b8329f1 (webtiles) character file.

Game seed: 14510698182942557865

43488 dolemite99 the Fighter (level 13, -13/106 HPs)
             Began as a Demonspawn Ice Elementalist on Oct 4, 2021.
             Was a Believer of Fedhas.
             Killed from afar by a deep elf knight (31 damage)
             ... with a shard of ice
             ... on level 1 of the Orcish Mines.
             The game lasted 00:49:38 (34164 turns).

dolemite99 the Fighter (DsIE)                      Turns: 34164, Time: 00:49:38

Health: -13/106    AC: 20    Str: 10    XL:     13   Next: 91%
Magic:  27/30      EV: 15    Int: 27    God:    Fedhas [**....]
Gold:   876        SH: 10    Dex: 17    Spells: 3/22 levels left

rFire   . . .      SeeInvis .   a - +7 spear "Caonor" {venom, rPois MP+9 Dex+4}
rCold   . . .      Faith    +   F - +0 buckler
rNeg    . . .      Spirit   .   P - +0 acid dragon scales
rPois   +          Reflect  .   X - +2 hat {Stlth+}
rElec   .          Harm     .   l - +1 cloak
rCorr   +          Rampage  .   (no gloves)
Will    .....                   i - +1 pair of boots
Stlth   +++.......              N - amulet of faith
HPRegen 0.27/turn               W - +6 ring of intelligence
MPRegen 0.44/turn               z - ring of wizardry {=R}

@: no status effects
A: claws 1, horns 1, talons 2, icemail 2, magic regeneration, condensation
shield
a: Renounce Religion, Wall of Briars


You were on level 1 of the Orcish Mines.
You worshipped Fedhas.
Fedhas was pleased with you.
You visited 3 branches of the dungeon, and saw 18 of its levels.

You collected 1371 gold pieces.
You spent 495 gold pieces at shops.

Inventory:

Hand Weapons
 a - the +7 spear "Caonor" (weapon) {venom, rPois MP+9 Dex+4}
   (You found it on level 7 of the Dungeon)

   It poisons the flesh of those it strikes.
   Dex:       It affects your dexterity (+4).
   rPois:     It protects you from poison.
   MP:        It affects your magic capacity (+9).
 b - a +0 shortbow
 h - a +0 morningstar
 k - a +0 hand axe
 o - a +0 flail of draining
 t - a +2 quarterstaff of chaos
 v - a +3 hand axe of venom
 J - a +3 dagger of venom
 R - a +6 dire flail of draining
 V - a +0 vampiric dagger
Missiles
 e - 602 stones
 r - 163 sling bullets
 x - 246 arrows
 D - 30 poisoned darts (quivered)
Armour
 i - a +1 pair of boots (worn)
 l - a +1 cloak (worn)
 F - a +0 buckler (worn)
 P - +0 acid dragon scales (worn)
 X - a +2 hat of stealth (worn)
Jewellery
 f - an amulet of regeneration
 g - a +6 ring of intelligence
 j - an amulet of the acrobat
 m - an amulet of reflection
 p - a ring of protection from fire
 u - a ring of poison resistance
 z - a ring of wizardry (right claw) {=R}
 I - a ring of ice
 K - a +6 ring of intelligence
 N - an amulet of faith (around neck)
 T - a +6 ring of dexterity
 W - a +6 ring of intelligence (left claw)
 Z - an amulet of magic regeneration
Wands
 s - a wand of paralysis (2)
 w - a wand of mindburst (12)
 C - a wand of digging (6)
 S - a wand of flame (10)
Scrolls
 d - 4 scrolls of fog
 y - a scroll of enchant weapon
 A - a scroll of identify {@r1}
 B - 4 scrolls of magic mapping
 G - 3 scrolls of amnesia
 O - 2 scrolls of teleportation
 U - a scroll of silence
Potions
 c - 5 potions of might
 n - a potion of magic
 q - a potion of berserk rage
 E - 2 potions of cancellation
 H - 2 potions of haste
 L - 4 potions of brilliance
 M - 2 potions of lignification
 Q - 3 potions of flight


   Skills:
 - Level 11.0 Fighting
 - Level 5.4 Short Blades
 - Level 5.3 Throwing
 - Level 2.5 Armour
 - Level 7.6 Dodging
 - Level 2.9 Stealth
 - Level 5.6 Shields
 - Level 5.4 Spellcasting
 - Level 7.6 Conjurations
 - Level 3.4 Translocations
 - Level 6.8 Ice Magic
 - Level 8.2 Earth Magic
 - Level 10.6 Invocations
 + Level 2.2 Evocations


You had 3 spell levels left.
You knew the following spells:

 Your Spells              Type           Power      Damage    Failure   Level
a - Stone Arrow           Conj/Erth      100%       3d13      1%          3
b - Frozen Ramparts       Ice            88%        1d10      1%          3
c - Hailstorm             Conj/Ice       46%        3d11      2%          4
d - Mephitic Cloud        Conj/Pois/Air  21%        N/A       4%          3
e - Sublimation of Blood  Necr           3%         N/A       6%          2
f - Iskenderun's Mystic   Conj/Tloc      37%        2d9       4%          4

Your spell library contained the following spells:

 Spells                   Type           Power      Damage    Failure   Level
 Freeze                   Ice            100%       1d11      1%          1
 Magic Dart               Conj           100%       1d8       1%          1
 Ozocubu's Armour         Ice            44%        N/A       1%          3
 Dazzling Flash           Conj/Hex       54%        N/A       2%          3
 Pain                     Necr           28%        1d5       4%          1
 Call Imp                 Summ           7%         N/A       6%          2
 Wereblood                Tmut           7%         N/A       6%          2
 Animate Armour           Summ/Erth      58%        N/A       9%          4
 Passage of Golubria      Tloc           N/A        N/A       11%         4
 Freezing Cloud           Conj/Ice/Air   16%        6-21      16%         5
 Agony                    Necr           7%         N/A       71%         5
 Excruciating Wounds      Necr           3%         N/A       71%         5
 Silence                  Hex/Air        3%         N/A       71%         5
 Starburst                Conj/Fire      13%        6d6       77%         6
 Simulacrum               Ice/Necr       12%        N/A       82%         6
 Summon Hydra             Summ           3%         N/A       100%        7
 Lehudib's Crystal Spear  Conj/Erth      25%        10d7      100%        8
 Polar Vortex             Ice            22%        N/A       100%        9


Dungeon Overview and Level Annotations

Branches:
Dungeon (11/15)            Temple (0/1) D:6            Lair (6/6) D:8
 Shoals (0/4) Lair:2       Spider (0/4) Lair:2        Slime (0/5) Lair:5
    Orc (1/2) D:10

Altars:
Dithmenos
Fedhas
Kikubaaqudgha
Okawaru
Ru
Wu Jian
The Shining One
Jiyva

Shops:
D:4 **   D:9 [   Orc:1 (

Portals:
Abyss: Lair:1

Annotations:
D:3 1 exclusion, Grinder
D:6 2 transporters, BeowulfAlex's ghost, novice OpTm
D:11 2 runed translucent doors, AttackTheMoon's ghost, journeyman VSMo
Lair:1 2 transporters, robertstho's ghost, journeyman DjFE
Lair:2 exclusion: downstairs
Lair:3 3 runed translucent doors, DatFaddy's ghost, journeyman DsAK; OceanMan's ghost, journeyman GrSu; sleeves's ghost, journeyman DsWn
Lair:5 exclusion: downstairs
Lair:6 Rupert
Orc:1 1 runed translucent door, freelancePsychic's ghost, journeyman GnWn


Innate Abilities, Weirdness & Mutations

You have sharp fingernails.
You have a pair of small horns on your head.
You have razor-sharp toenails.
A meltable icy envelope protects you from harm. (AC +8)
You regenerate magic rapidly.
A meltable shield of frost defends you. (SH +4)


Message History

You hear some strange, mumbled words.
A lance of force appears from out of thin air!
You block the lance of force.
Your frozen ramparts will break if you move.
Continue?
Okay, then.
You puncture something!
The wall freezes something.
Something hits you.
The wall freezes something.
You hear some strange, mumbled words.
A lance of force appears from out of thin air!
The lance of force hits you!!
The frozen ramparts melt away as you move.
You are knocked back by the lance of force.
You slam into the rock wall!
You swing at nothing.
Something hits you!
* * * LOW HITPOINT WARNING * * *
You feel better.
You hear some strange, mumbled words.
A lance of force appears from out of thin air!
The lance of force hits you!
* * * LOW HITPOINT WARNING * * *
You are knocked back by the lance of force.
You slam into the rock wall!
* * * LOW HITPOINT WARNING * * *
Casting: Frozen Ramparts (safe; 1% risk of failure)
Confirm with . or Enter, or press ? or * to list all spells.
Aiming: Stone Arrow (safe; 1% risk of failure)
Press: ? - help, Shift-Dir - straight line You hear some strange, mumbled words.
A lance of force appears from out of thin air!
The lance of force hits you.
* * * LOW HITPOINT WARNING * * *
You are knocked back by the lance of force.
You slam into the rock wall!
* * * LOW HITPOINT WARNING * * *
You hear some strange, mumbled words.
A shard of ice appears from out of thin air!
The shard of ice hits you!!
You die...
Fedhas appreciates your contribution to the ecosystem.

##...............###
..........[.......§####
..................§.#.##
........#[........§§§§.#
..............[...§§§§##
..................#§§§#
..........[><)...#§#§.##
..........)[.....{.§.§.#
............)...@..#..##
.##.........)#.#...##.##
##............#...##...#
#....##.#..............#
##.#####.#............##
### #.........#..#.##
##.......#.⌠.⌠..#
##.........∩...##
#.....>...⌠.⌠...#


There were no monsters in sight!

Vanquished Creatures
  Gastronok (Lair:1)
  An orc warlord (Orc:1)
  An ettin (Orc:1)
  2 boulder beetles
  7 hydras
  A two-headed ogre (D:10)
  A merfolk avatar (Lair:6)
  An orc knight (Orc:1)
  A deep elf pyromancer (Orc:1)
  4 harpies (Lair:6)
  2 orc sorcerers (Orc:1)
  An ugly thing (D:11)
  A lindwurm (Lair:6)
  5 elephants
  Joseph (D:10)
  3 centaur zombies
  4 black mambas
  9 cane toads
  3 rime drakes (Lair:6)
  A kobold demonologist (D:10)
  10 komodo dragons
  A troll (D:11)
  3 hornets
  A polar bear (Lair:6)
  11 blink frogs
  2 snapping turtles (Lair:6)
  A shadow (D:11)
  A wraith (D:9)
  Grum (Lair:1)
  23 yaks
  5 basilisks
  11 wyverns
  A steam dragon (Lair:6)
  A warg (Orc:1)
  14 water moccasins
  Edmund (D:6)
  3 acid dragons
  9 orc warriors
  An ice beast (D:8)
  A sky beast (D:7)
  A black bear (Lair:1)
  7 ogres
  2 centaurs
  34 wolves
  A phantom (D:5)
  A kobold brigand (D:8)
  Blork the orc (D:6)
  6 bullfrogs
  A gnoll sergeant (D:9)
  4 scorpions
  8 wights (D:7)
  3 howler monkeys
  4 electric eels (D:9)
  A bullfrog zombie (D:6)
  4 hounds
  Crazy Yiuf (D:3)
  A gnoll shaman (D:6)
  2 iguanas
  5 orc priests
  A centaur skeleton (D:7)
  20 orc wizards
  3 howler monkey zombies
  5 adders
  16 gnolls
  4 white imps
  3 worms (D:2)
  2 dart slugs
  34 orcs
  15 ball pythons
  2 bats (D:3)
  6 endoplasms
  A giant cockroach (D:3)
  11 hobgoblins
  13 kobolds
  4 quokkas
  A frilled lizard (D:3)
  4 goblins
  2 rats
385 creatures vanquished.

Vanquished Creatures (collateral kills)
  3 blink frogs (Lair:4)
  2 wolves (Lair:4)
  3 orc wizards (Orc:1)
  7 orcs (Orc:1)
  73 ballistomycete spores
88 creatures vanquished.

Vanquished Creatures (others)
  4 ballistomycete spores
  54 fungi
  153 plants
  7 withered plants
218 creatures vanquished.

Grand Total: 691 creatures vanquished

Notes
Turn   | Place    | Note
-------+----------+-------------------------------------------
     0 | D:1      | dolemite99 the Demonspawn Ice Elementalist began the quest
                  | for the Orb.
     0 | D:1      | Reached XP level 1. HP: 13/13 MP: 3/3
   227 | D:1      | Gained mutation: A meltable shield of frost defends you.
                  | (SH +4) [demonic ancestry]
   227 | D:1      | Reached XP level 2. HP: 19/19 MP: 1/5
  1603 | D:2      | Gained mutation: You have a pair of small horns on your
                  | head. [demonic ancestry]
  1603 | D:2      | Reached XP level 3. HP: 24/24 MP: 1/6
  2144 | D:2      | Learned a level 3 spell: Frozen Ramparts
  2994 | D:2      | Gained mutation: You have sharp fingernails. [demonic
                  | ancestry]
  2994 | D:2      | Reached XP level 4. HP: 30/30 MP: 5/7
  3698 | D:3      | Noticed Grinder
  3741 | D:3      | Found a runed translucent door.
  3742 | D:3      | Noticed Crazy Yiuf
  3749 | D:3      | Killed Crazy Yiuf
  3750 | D:3      | Gained mutation: You regenerate magic rapidly. [demonic
                  | ancestry]
  3750 | D:3      | Reached XP level 5. HP: 12/35 MP: 2/9
  4268 | D:3      | Noticed an ogre
  4273 | D:3      | Killed an ogre
  4274 | D:3      | Reached skill level 5 in Ice Magic
  4274 | D:3      | Reached XP level 6. HP: 18/41 MP: 3/10
  4717 | D:3      | Found an ornate altar of the Wu Jian Council.
  5163 | D:3      | Found a faded altar of an unknown god.
  5302 | D:3      | Learned a level 1 spell: Freeze
  5751 | D:4      | Found Giodith's General Store.
  5775 | D:4      | Bought a scroll of identify for 28 gold pieces
  6028 | D:4      | Learned a level 3 spell: Stone Arrow
  6047 | D:4      | Found Doesa's Neck Hole.
  6384 | D:5      | Entered Level 5 of the Dungeon
  6547 | D:5      | Reached XP level 7. HP: 46/46 MP: 5/11
  6998 | D:5      | Reached skill level 1 in Short Blades
  7710 | D:5      | Found a sacrificial altar of Ru.
  8422 | D:6      | Found a transporter.
  8425 | D:6      | Found a transporter.
  8425 | D:6      | Noticed BeowulfAlex's ghost (novice OpTm)
  8635 | D:6      | Noticed Blork the orc
  8654 | D:6      | Killed Blork the orc
  8655 | D:6      | Gained mutation: A meltable icy envelope protects you from
                  | harm. (AC +8) [demonic ancestry]
  8655 | D:6      | Reached XP level 8. HP: 29/52 MP: 10/12
  8817 | D:6      | Reached skill level 5 in Short Blades
  8958 | D:6      | Found an ancient bone altar of Kikubaaqudgha.
  8958 | D:6      | Found a blossoming altar of Fedhas.
  8968 | D:6      | Became a worshipper of Fedhas Madash
  9173 | D:6      | Found a staircase to the Ecumenical Temple.
  9337 | D:6      | Noticed Edmund
  9350 | D:6      | Killed Edmund
  9351 | D:6      | Reached skill level 2 in Fighting
  9489 | D:6      | Reached skill level 3 in Fighting
  9578 | D:6      | Reached skill level 4 in Fighting
  9717 | D:6      | Learned a level 2 spell: Sublimation of Blood
 10166 | D:7      | Identified the +7 spear "Caonor" {venom, rPois MP+9 Dex+4}
 10385 | D:7      | You fall into a shaft and drop 2 floors!
 10611 | D:7      | Reached * piety under Fedhas
 10612 | D:7      | Gained mutation: A meltable icy envelope protects you from
                  | harm. (AC +8) [demonic ancestry]
 10612 | D:7      | Reached XP level 9. HP: 52/66 MP: 14/14
 10768 | D:7      | Reached skill level 5 in Fighting
 11443 | D:7      | Learned a level 4 spell: Hailstorm
 11447 | D:7      | Found a shadowy altar of Dithmenos.
 11511 | D:7      | Reached skill level 1 in Conjurations
 11511 | D:7      | Reached skill level 1 in Invocations
 12653 | D:8      | Identified the +4 leather armour of Zin's Indignation
                  | {Regen+ Int-5 Dex+4}
 13477 | D:8      | Reached skill level 5 in Invocations
 14194 | D:8      | Found a staircase to the Lair.
 14354 | D:10     | Entered Level 10 of the Dungeon
 14397 | D:10     | Reached skill level 5 in Conjurations
 14752 | D:10     | Found a staircase to the Orcish Mines.
 14784 | D:10     | Reached ** piety under Fedhas
 14785 | D:10     | Reached XP level 10. HP: 64/74 MP: 14/16
 15496 | D:9      | Found Tehassin's Armour Boutique.
 15620 | D:4      | Bought an amulet of faith for 400 gold pieces
 15760 | Lair:1   | Entered Level 1 of the Lair of Beasts
 16054 | Lair:1   | Noticed a cane toad
 16068 | Lair:1   | Killed a cane toad
 16176 | Lair:1   | Reached skill level 1 in Earth Magic
 16665 | Lair:1   | Noticed a four-headed hydra
 16665 | Lair:1   | Noticed a cane toad
 16680 | Lair:1   | Killed a cane toad
 16684 | Lair:1   | Killed a four-headed hydra
 16685 | Lair:1   | Reached skill level 5 in Earth Magic
 17180 | Lair:1   | Noticed Grum
 17213 | Lair:1   | Killed Grum
 17214 | Lair:1   | Gained mutation: You have sharp toenails. [demonic
                  | ancestry]
 17214 | Lair:1   | Reached XP level 11. HP: 57/80 MP: 11/17
 17477 | Lair:1   | Noticed Gastronok
 17611 | Lair:1   | Found a transporter.
 17620 | Lair:1   | Found a transporter.
 17886 | Lair:1   | Killed Gastronok
 18077 | Lair:1   | Noticed a spriggan rider
 18113 | Lair:1   | Noticed a brown ugly thing
 18115 | Lair:1   | Found a one-way gate to the infinite horrors of the Abyss.
 18115 | Lair:1   | Noticed robertstho's ghost (journeyman DjFE)
 18115 | Lair:1   | Noticed a white ugly thing
 18186 | Lair:1   | Noticed a great orb of eyes
 18277 | Lair:1   | Noticed a red ugly thing
 18617 | Lair:2   | Reached skill level 6 in Fighting
 18661 | Lair:2   | Found a staircase to the Shoals.
 19006 | Lair:2   | Reached *** piety under Fedhas
 19433 | Lair:2   | Found a hole to the Spider Nest.
 19722 | Lair:3   | Noticed a seven-headed hydra
 19723 | Lair:3   | Noticed an eight-headed hydra
 19773 | Lair:3   | You fall into a shaft and drop 2 floors!
 19783 | Lair:5   | Noticed a boulder beetle
 19869 | Lair:4   | Reached skill level 5 in Spellcasting
 20054 | Lair:4   | Reached skill level 7 in Fighting
 20269 | Lair:4   | Reached skill level 8 in Fighting
 20616 | Lair:4   | Reached XP level 12. HP: 43/94 MP: 9/20
 21290 | Lair:3   | Reached skill level 5 in Dodging
 21871 | Lair:3   | Killed a seven-headed hydra
 22370 | D:9      | Bought a +0 buckler for 67 gold pieces
 22492 | D:9      | Found an iron altar of Okawaru.
 22728 | D:9      | Reached skill level 1 in Shields
 23537 | Lair:3   | Noticed an eight-headed hydra
 23568 | Lair:3   | Reached **** piety under Fedhas
 23931 | Lair:3   | Killed an eight-headed hydra
 24416 | Lair:3   | Found a runed translucent gate.
 24416 | Lair:3   | Found a runed translucent gate.
 24416 | Lair:3   | Found a runed translucent gate.
 24417 | Lair:3   | Noticed OceanMan's ghost (journeyman GrSu)
 24417 | Lair:3   | Noticed DatFaddy's ghost (journeyman DsAK)
 24417 | Lair:3   | Noticed sleeves's ghost (journeyman DsWn)
 24552 | Lair:3   | Identified the +1 robe "Nutig" {Str+4}
 24744 | Lair:3   | Killed an eight-headed hydra
 25296 | Lair:5   | Reached skill level 5 in Shields
 25719 | Lair:5   | Killed a boulder beetle
 25720 | Lair:5   | Reached skill level 9 in Fighting
 25720 | Lair:5   | Reached skill level 1 in Throwing
 26031 | Lair:5   | Found a viscous altar of Jiyva.
 26031 | Lair:5   | Found a staircase to the Slime Pits.
 26191 | Lair:6   | Entered Level 6 of the Lair of Beasts
 26191 | Lair:6   | Noticed a boulder beetle
 26440 | Lair:6   | Killed a boulder beetle
 26833 | Lair:6   | Gained mutation: You have razor-sharp toenails. [demonic
                  | ancestry]
 26833 | Lair:6   | Reached XP level 13. HP: 101/101 MP: 21/21
 27665 | Lair:6   | Paralysed by a hornet for 3 turns
 27682 | Lair:6   | Reached skill level 10 in Fighting
 29011 | Lair:6   | Reached skill level 5 in Throwing
 29112 | Lair:6   | Noticed Rupert
 29347 | Orc:1    | Entered Level 1 of the Orcish Mines
 30070 | D:10     | Noticed Joseph
 30084 | D:10     | Killed Joseph
 30420 | D:10     | Identified a scroll of acquirement
 30420 | D:10     | Acquired a ring of wizardry
 30429 | D:10     | Learned a level 4 spell: Iskenderun's Mystic Blast
 30446 | D:10     | Learned a level 3 spell: Mephitic Cloud
 30598 | D:10     | Reached skill level 1 in Translocations
 31273 | Orc:1    | Found Titzoaxu's Antique Weapon Shoppe.
 31858 | Orc:1    | Found a runed translucent door.
 31858 | Orc:1    | Noticed freelancePsychic's ghost (journeyman GnWn)
 31886 | Orc:1    | Noticed an orc warlord
 31890 | Orc:1    | Noticed an ettin
 31910 | Orc:1    | Killed an ettin
 31911 | Orc:1    | Reached skill level 11 in Fighting
 32015 | Orc:1    | Noticed an orc warlord
 32022 | Orc:1    | Identified the +2 chain mail "Pusiakh" {-Cast Rampage
                  | +Blink Str+2}
 32036 | Orc:1    | Reached skill level 10 in Invocations
 32257 | D:11     | Noticed AttackTheMoon's ghost (journeyman VSMo)
 32258 | D:11     | Noticed a lich
 32281 | D:11     | Found a runed translucent door.
 32288 | D:11     | Found a runed translucent door.
 33326 | D:11     | Noticed an entropy weaver
 33326 | D:11     | a four-headed hydra changed into an entropy weaver
 33331 | D:11     | an entropy weaver changed into something unseen
 33335 | D:11     | Noticed a spark wasp
 33477 | Orc:1    | Killed an orc warlord
 34164 | Orc:1    | Killed from afar by a deep elf knight

Illustrated notes

Levels and vault maps discovered:
D:1:      dpeg_arrival_water_temple_mockup, layout_loops_ring, st_stairs_9,
          minmay_fountain_box
D:2:      minmay_general_purpose_star, layout_loops_ring, kennysheep_path_1
D:3:      layout_loops_ring, nicolae_wu_jian_immortal_techniques,
          hellmonk_ecumenical_altar_arch_garden, uniq_crazy_yiuf_cottage,
          uniq_grinder
D:4:      layout_loops_ring, serial_shops, nicolae_shop_statue_plus,
          serial_rivers, chequers_serial_rivers_micro_e,
          chequers_serial_rivers_micro_c, chequers_serial_rivers_room_a,
          chequers_serial_rivers_small_a, hangedman_decor_diamond_cutter,
          nicolae_shop_sticking_my_neck_out
D:5:      layout_basic, mainiacjoe_overflow_alcove_2
D:6:      layout_loops_ring, grunt_temple_overflow_growth_and_decay,
          minmay_temple_entry_mist, gammafunk_ghost_mausoleum, uniq_edmund,
          uniq_blork_the_orc
D:7:      layout_loops_cross, mainiacjoe_overflow_surrounded_room
D:8:      layout_basic, erik_lair_dragon, serial_co_window_serial,
          co_window_cross_1, co_window_corner_a, co_window_corner_a,
          co_window_of_opportunity_a, co_window_corner_a, co_window_paths_b,
          co_window_corner_a, co_window_2corner, co_window_of_opportunity_c,
          co_window_of_opportunity_b, co_window_corner_cb, co_window_paths_c,
          co_window_unsneaky_path_e, glass_columns_c, glass_columns_a,
          glass_columns_b, glass_columns_c, minmay_misc_feat_diagonals,
          kennysheep_pointless_box
D:9:      layout_roguey, general_overflow_altar, nicolae_tso_carved_into_rock,
          serial_shops, kennysheep_little_box, supply_closet_lemuel,
          chequers_big_river
D:10:     layout_stronghold, david_orc_2, uniq_joseph
D:11:     layout_irregular_city, muffindrake_ghost_dual_entry
Lair:1:   layout_regular_city, gammafunk_ghost_abyssal_escape,
          serial_bayou_lagoon_a, chequers_serial_rivers_micro_a, uniq_grum,
          uniq_gastronok
Lair:2:   layout_cave_pods, elwin_shoals_entry_rocks, dummy_spider_entry,
          minivault_11, st_stairs_8, chequers_serial_rivers_small_b
Lair:3:   layout_regular_city, gammafunk_ghost_cemetery, serial_bayou_shore_b,
          grunt_megastairs_1, lemuel_fruit_fields, serial_bayou_shore_a,
          infiniplex_staircase_pool
Lair:4:   layout_long_grid, serial_bayou_shore_b
Lair:5:   layout_misc_corridors, dpeg_slime_entry_enclosed_altar,
          lemuel_fruit_tree
Lair:6:   gammafunk_lair_ancient_temple, layout_small_grid,
          bobbens_ice_dragon_lair, uniq_rupert
Orc:1:    layout_caves, serial_shops, shop_fountains, ebering_ghost_inner_flame,
          elf_legates, uniq_urug

Skill      XL: |  1  2  3  4  5  6  7  8  9 10 11 12 13 |
---------------+----------------------------------------+-----
Dodging        | 2 4 6 7 |  7.6
Stealth        | 2 |  2.9
Ice Magic      | 4 5 6 |  6.8
Short Blades   | 4 5 |  5.4
Fighting       | 4 5 8 9 11 | 11.0
Spellcasting   | 3 4 5 |  5.4
Conjurations   | 5 6 7 |  7.6
Invocations    | 7 8 9 10 | 10.6
Earth Magic    | 6 8 |  8.2
Armour         | 2 |  2.5
Shields        | 5 |  5.6
Throwing       | 3 5 |  5.3
Translocations | 3 |  3.4
Evocations     | 2 |  2.2

Action                   |  1- 3 |  4- 6 |  7- 9 | 10-12 | 13-15 || total
-------------------------+-------+-------+-------+-------+-------++-------
Melee: Unarmed           |     3 |       |       |       |       ||     3
       Morningstar       |    14 |     5 |       |       |       ||    19
       Headbutt          |     1 |     7 |    25 |    17 |    20 ||    70
       Flail             |       |    22 |     5 |       |       ||    27
       Dagger            |       |       |    63 |       |       ||    63
       Quarterstaff      |       |       |     8 |       |       ||     8
       Spear             |       |       |    80 |    88 |   142 ||   310
 Fire: Shortbow          |       |       |    93 |   272 |       ||   365
Throw: Dart              |       |    30 |    35 |    30 |    47 ||   142
       Stone             |       |     1 |    24 |     6 |    24 ||    55
       Javelin           |       |       |     7 |     2 |    18 ||    27
       Boomerang         |       |       |       |       |    40 ||    40
       Throwing net      |       |       |       |       |     1 ||     1
 Cast: Freeze            |    58 |    63 |    30 |     6 |       ||   157
       Frozen Ramparts   |       |     5 |    53 |    60 |    30 ||   148
       Stone Arrow       |       |       |       |    61 |    27 ||    88
       Hailstorm         |       |       |       |     1 |     5 ||     6
       Mephitic Cloud    |       |       |       |       |     4 ||     4
Invok: Wall of Briars    |       |       |       |    10 |     2 ||    12
       Grow Ballistomyce |       |       |       |    11 |    16 ||    27
Evoke: Wand              |       |       |       |     8 |    18 ||    26
  Use: Scroll            |       |    10 |     7 |    14 |     6 ||    37
       Potion            |       |       |       |     9 |     3 ||    12
 Stab: Confused          |       |       |       |     2 |       ||     2
Armor: Robe              |     8 |    14 |    29 |       |       ||    51
       Acid dragon scale |       |       |    18 |   156 |    86 ||   260
       Skin              |       |       |       |    14 |       ||    14
Dodge: Dodged            |    46 |    35 |    98 |   218 |   107 ||   504
Block: Other             |     7 |    11 |    88 |    54 |       ||   160
       Reflection        |       |       |     6 |       |       ||     6
       Buckler           |       |       |       |    32 |    99 ||   131

Table legend: (Time is in decaauts)
 A = Elapsed time spent in this place.
 B = Non-inter-level travel time spent in this place.
 C = Inter-level travel time spent in this place.
 D = Time resting spent in this place.
 E = Time spent auto-exploring this place.
 F = Levels seen in this place.
 G = Mean time per level.
                   A        B        C        D        E       F      G
               +--------+--------+--------+--------+--------+-----+--------+
         Total |  34407 |  33033 |   1374 |  16592 |  10922 |  18 | 1911.5 |
       Dungeon |  20548 |  19507 |   1041 |   9694 |   6815 |  11 | 1868.0 |
          Lair |  12524 |  12194 |    330 |   6132 |   3853 |   6 | 2087.3 |
  Orcish Mines |   1334 |   1332 |      2 |    765 |    253 |   1 | 1334.0 |
               +--------+--------+--------+--------+--------+-----+--------+

Top non-repeatable levels by time:
  Lair:6: 2926 daAuts
    D:10: 2658 daAuts
  Lair:1: 2579 daAuts
  Lair:3: 2530 daAuts
     D:8: 2466 daAuts
     D:2: 2376 daAuts
     D:7: 2041 daAuts
     D:5: 1941 daAuts
  Lair:4: 1854 daAuts
     D:9: 1852 daAuts
     D:3: 1770 daAuts
     D:6: 1727 daAuts
  Lair:2: 1563 daAuts
   Orc:1: 1334 daAuts
    D:11: 1309 daAuts
